Map: Orbital Shipyard

Players

CHICO - Winner!

  • Race: Zerg Zerg
  • League: Diamond

LindyHop

  • Race: Zerg Zerg
  • League: Silver

VOD

Have the link to the VOD?

Description

Time

  • Played on: Dec. 3, 2015, 11:53 p.m.
  • Length: 16:16
Show
View Real Time Build Order
Export as new Build Order

CHICO Zerg - Winner!

Build Orders: Hatch First 

Get SALT Encoding   

  12  0:01  Drone  
  13  0:10  Drone  
  14  0:35  Hatchery  
  13  0:43  Drone  
  14  0:54  Spawning Pool  
  13  0:57  Drone  
  14  1:06  Overlord  
  14  1:18  Extractor  
  14  1:19  Drone  
  14  1:30  Drone x2  
  14  1:31  Drone  
  17  1:43  Queen  
  19  1:49  Queen  
  19  1:52  Zergling x2  
  22  1:57  Zergling x2  
  23  2:01  Zergling x2  
  24  2:09  Drone x2  
  26  2:19  Baneling Nest  
  26  2:21  Drone  
  26  2:23  Drone  
  27  2:30  Overlord  
  27  2:36  Drone  
  28  2:57  Zergling x12  
  28  2:58  Zergling x4  
  34  3:02  Baneling x2  
  34  3:03  Baneling  
  35  3:10  Overlord  
  31  3:28  Drone x4  
  31  3:29  Drone x3  
  35  3:38  Drone x2  
  35  3:39  Baneling  
  35  3:40  Baneling  
  36  3:50  Queen  
  38  4:11  Hatchery  
  37  4:18  Metabolic Boost  
  37  4:23  Roach Warren, Drone x2  
  38  4:28  Baneling x2  
  38  4:43  Drone x2, Zergling x6  
  43  4:55  Evolution Chamber  
  42  5:06  Drone x2  
  44  5:09  Lair, Overlord x2  
  44  5:17  Extractor  
  43  5:22  Zerg Ground Armor Level 1  
  43  5:23  Queen  
  43  5:25  Drone x2  
  43  5:27  Roach  
  49  5:35  Drone, Extractor  
  48  5:36  Drone  
  48  5:37  Roach  
  48  5:39  Drone x2, Zergling x2  
  48  5:40  Zergling x6  
  48  5:41  Zergling x2  
  59  6:00  Drone x2, Zergling x10  
  66  6:04  Extractor  
  65  6:23  Queen  
  65  6:25  Hydralisk Den  
  65  6:30  Overseer  
  61  6:37  Drone  
  61  6:38  Drone, Roach  
  65  6:44  Overlord x2  
  65  6:45  Overlord  
  65  6:56  Lurker Den  
  65  6:57  Glial Reconstitution  
  65  7:06  Drone x2  
  65  7:07  Roach x3  
  65  7:08  Roach x3  
  79  7:15  Drone x2  
  81  7:17  Roach x4  
  90  7:30  Drone, Extractor  
  90  7:31  Extractor  
  90  7:33  Overlord x2  
  88  7:45  Overlord x3  
  88  7:48  Zerg Missile Weapons Level 1  
  88  7:55  Evolution Chamber  
  87  7:59  Drone x2  
  87  8:00  Roach x2  
  93  8:07  Drone x2  
  93  8:08  Roach  
  97  8:16  Roach x2  
  101  8:20  Ravager x3  
  101  8:21  Ravager  
  101  8:22  Ravager  
  106  8:40  Hydralisk  
  106  8:41  Roach  
  110  8:43  Roach  
  112  8:54  Hydralisk  
  112  8:55  Hydralisk, Roach x2  
  120  9:01  Hatchery  
  119  9:05  Hydralisk  
  119  9:06  Roach x2  
  119  9:07  Roach  
  127  9:15  Overseer  
  127  9:25  Roach  
  127  9:27  Zerg Ground Armor Level 2  
  129  9:31  Muscular Augments  
  129  9:37  Drone  
  130  9:39  Overlord x3  
  130  10:00  Drone x2, Hydralisk x3  
  130  10:01  Hydralisk  
  140  10:12  Drone x2  
  140  10:13  Hydralisk, Zergling x4  
  140  10:14  Zergling x2  
  146  10:55  Hydralisk x2  
  146  10:56  Hydralisk x5, Roach, Zergling x6  
  146  10:57  Hydralisk, Zergling x6  
  110  11:15  Hydralisk  
  110  11:16  Hydralisk, Zergling x6  
  111  11:23  Hydralisk  
  111  11:24  Hydralisk x3  
  95  11:41  Hydralisk x4  
  95  11:42  Hydralisk  
  105  11:47  Spore Crawler  
  105  11:51  Spore Crawler  
  100  12:07  Infestation Pit  
  95  12:11  Spore Crawler  
  92  12:16  Spore Crawler  
  92  12:18  Drone x2, Hydralisk x2, Zergling x4  
  92  12:20  Spore Crawler  
  98  12:27  Drone x2  
  98  12:28  Zergling x4  
  102  12:44  Zergling x8  
  102  12:45  Zergling x2  
  107  12:52  Spore Crawler  
  107  12:56  Drone x2, Zergling x6  
  107  12:58  Zergling x2  
  108  13:13  Drone, Infestor, Zergling x6  
  108  13:14  Zergling x2  
  111  13:36  Spore Crawler  
  109  13:43  Infestor x5  
  109  13:46  Extractor  
  118  13:53  Overlord x2  
  118  13:59  Spore Crawler  
  113  14:16  Spore Crawler  
  108  14:18  Hydralisk x2  
  108  14:19  Roach x2  
  108  14:20  Roach  
  118  14:40  Roach  
  120  14:49  Overlord x2  
  120  14:50  Spine Crawler  
  120  14:51  Queen  
  118  15:03  Overlord x2  
  118  15:04  Overlord x2  
  118  15:09  Roach  
  118  15:10  Roach  
  121  15:16  Roach x2  
Show
View Real Time Build Order
Export as new Build Order

LindyHop Zerg 

Build Orders: Pool First 

Get SALT Encoding   

  12  0:01  Drone  
  13  0:09  Drone  
  14  0:25  Extractor  
  13  0:28  Spawning Pool  
  13  0:32  Drone  
  14  0:35  Drone  
  14  0:48  Overlord  
  14  0:53  Extractor  
  14  0:54  Drone  
  16  1:11  Drone  
  16  1:15  Queen  
  16  1:17  Zergling x2  
  16  1:18  Zergling x2  
  20  1:28  Metabolic Boost  
  20  1:34  Zergling x2  
  21  1:44  Zergling x2  
  22  1:47  Overlord  
  22  2:06  Zergling x2  
  23  2:10  Hatchery  
  23  2:12  Zergling x2  
  23  2:23  Zergling x2  
  23  2:24  Zergling x4  
  26  2:33  Zergling x2  
  26  2:34  Zergling x2  
  28  2:47  Zergling x2  
  29  2:52  Baneling Nest  
  29  2:55  Zergling x2  
  21  3:37  Drone x8  
  27  3:41  Spine Crawler  
  26  3:49  Baneling  
  26  3:50  Baneling  
  26  3:53  Spine Crawler  
  25  4:00  Overlord  
  26  4:02  Drone  
  26  4:16  Lair  
  26  4:20  Drone x3  
  29  4:34  Drone x5  
  34  4:44  Roach Warren  
  33  4:52  Drone x4  
  37  5:02  Extractor  
  35  5:23  Overlord  
  35  5:24  Overlord  
  35  5:26  Glial Reconstitution  
  35  5:27  Queen  
  37  5:39  Roach x3  
  43  5:45  Roach  
  43  5:46  Roach x4  
  53  5:56  Hatchery  
  52  6:04  Roach x3  
  58  6:14  Zergling x2  
  58  6:16  Overlord x2  
  62  6:40  Drone x6  
  62  6:43  Extractor x2  
  63  6:49  Ravager  
  63  6:50  Ravager  
  65  7:03  Drone x3  
  65  7:04  Hatchery, Drone  
  65  7:05  Drone x2  
  70  7:11  Roach x2  
  74  7:16  Roach x2  
  80  7:23  Overlord, Roach x2  
  80  7:24  Overlord  
  82  7:30  Evolution Chamber x2  
  80  7:43  Spire  
  79  7:45  Drone  
  79  7:47  Extractor  
  79  7:50  Extractor  
  78  7:56  Spore Crawler  
  77  8:00  Ravager  
  77  8:01  Ravager x2  
  80  8:09  Drone x3  
  83  8:15  Zergling x4  
  85  8:33  Spore Crawler  
  84  8:34  Roach  
  84  8:35  Roach x2  
  84  8:39  Zerg Ground Armor Level 1  
  84  8:41  Zerg Missile Weapons Level 1  
  90  8:43  Drone x2  
  90  8:44  Drone x2  
  90  8:45  Overlord x3  
  94  9:23  Zergling x2  
  94  9:24  Zergling x6  
  97  9:51  Hatchery  
  96  10:00  Mutalisk x10  
  116  10:07  Overlord  
  116  10:08  Mutalisk  
  118  10:33  Mutalisk  
  118  10:34  Mutalisk x3  
  126  10:53  Roach  
  126  10:54  Roach x3  
  126  10:55  Mutalisk  
  126  10:56  Mutalisk  
  125  10:58  Mutalisk  
  125  11:02  Zergling x2  
  125  11:03  Zergling x2  
  103  11:05  Zergling x2  
  103  11:10  Mutalisk  
  92  11:16  Mutalisk  
  90  11:24  Mutalisk  
  80  11:32  Mutalisk  
  80  11:33  Mutalisk  
  80  11:35  Drone  
  86  11:47  Zergling x10  
  89  12:01  Zerg Flyer Weapons Level 1  
  89  12:07  Zergling x2  
  89  12:08  Zergling x12  
  94  12:24  Roach x5  
  96  12:45  Roach x6  
  97  13:07  Roach x4  
  100  13:12  Roach  
  100  13:13  Roach x2  
  104  13:22  Roach x2  
  108  13:48  Mutalisk x4  
  108  13:50  Zergling x2  
  117  13:59  Zergling x2  
  117  14:00  Zergling x2  
  109  14:18  Zergling x4  
  109  14:19  Zergling x2  
  109  14:22  Baneling x6  
  109  14:23  Centrifical Hooks  
  112  14:33  Drone x3  
  113  15:06  Mutalisk x5  
  121  15:25  Mutalisk x3  
  119  15:43  Zergling x14  
  62  16:13  Hatchery  
Tags
 
Add a new tag
Caveats
  • Supply blocks, unpowered buildings, or Contaminate may cause inaccurate times.
  • Supply counts are checked every 10 seconds.